 Dungeon Crawl Stone Soup version 0.30-a0-51-g784eafce7f (webtiles) character file.

Game seed: 9411133366377788403

1929 frimble the Firebug (level 8, -3/64 HPs)
             Began as a Demonspawn Cinder Acolyte on Sept 6, 2022.
             Was a High Priest of Ignis.
             Succumbed to a redback's poison
             ... on level 6 of the Dungeon.
             The game lasted 00:09:20 (8217 turns).

frimble the Firebug (Demonspawn Cinder Acolyte)     Turns: 8217, Time: 00:09:21

Health: -3/64      AC: 14    Str: 14    XL:     8   Next: 96%
Magic:  3/11       EV: 11    Int: 16    God:    Ignis [*****.]
Gold:   399        SH:  0    Dex: 11    Spells: 9/11 levels left

rFire   + . .      SeeInvis .      - Unarmed
rCold   . . .      Faith    .    (no shield)
rNeg    . . .      Spirit   .    a - +0 robe
rPois   +          Reflect  .    k - +2 hat
rElec   .          Harm     .    (no cloak)
rCorr   .          Rampage  .    A - +0 pair of gloves
Will    .....                    (no boots)
Stlth   +.........               (no amulet)
HPRegen 0.20/turn                x - ring of poison resistance
MPRegen 0.12/turn                (no ring)

@: lethally poisoned (-3 -> -45), fiery-armoured
A: hooves 1, yellow scales 1, demonic guardian 1, demonic magic 2
a: Renounce Religion, Fiery Armour, Foxfire Swarm, Rising Flame


You were on level 6 of the Dungeon.
You worshipped Ignis.
Ignis was extremely pleased with you.
You visited 1 branch of the dungeon, and saw 7 of its levels.
You also visited: Sewer.

You collected 399 gold pieces.

Inventory:

Hand Weapons
 r - a +2 halberd of electrocution
Missiles
 d - 5 javelins
 D - a throwing net
Armour
 a - a +0 robe (worn)
 k - a +2 hat (worn)
 z - a +0 buckler
 A - a +0 pair of gloves (worn)
Jewellery
 x - a ring of poison resistance (left hand)
Wands
 i - a wand of paralysis (8)
 m - a wand of flame (41)
 u - a wand of roots (1)
 C - a wand of quicksilver (8)
Scrolls
 l - 2 scrolls of teleportation
 n - 3 scrolls of enchant armour
 v - 3 scrolls of identify
 w - 2 scrolls of amnesia
 y - a scroll of magic mapping
 B - 2 scrolls of immolation
 E - a scroll of poison
Potions
 b - a potion of curing
 c - 2 potions of degeneration {unknown}
 e - a potion of magic {unknown}
 f - 2 potions of brilliance {unknown}
 g - 2 potions of haste
 h - a potion of cancellation {unknown}
 j - 2 potions of resistance {unknown}
 o - 2 potions of ambrosia {unknown}
 p - 2 potions of heal wounds {unknown}
 q - 2 potions of lignification {unknown}
 s - a potion of attraction {unknown}
 t - a potion of berserk rage {unknown}


   Skills:
 + Level 5.9 Fighting
 + Level 3.7 Shields
 - Level 5.0 Unarmed Combat
 - Level 2.0 Spellcasting
 + Level 6.4 Fire Magic
 + Level 4.5 Evocations


You had 9 spell levels left.
You knew the following spells:

 Your Spells              Type           Power      Damage    Failure   Level
a - Scorch                Fire           44%        2d7       2%          2

Your spell library contained the following spells:

 Spells                   Type           Power      Damage    Failure   Level
 Confusing Touch          Hex            1%         N/A       52%         3
 Cause Fear               Hex            0%         N/A       90%         4
 Summon Forest            Summ/Tloc      0%         N/A       99%         5
 Summon Mana Viper        Hex/Summ       1%         N/A       99%         5
 Yara's Violent Unravell  Hex/Tmut       0%         3d3       99%         5
 Summon Cactus Giant      Summ           0%         N/A       100%        6
 Dragon Form              Tmut           0%         N/A       100%        7
 Enfeeble                 Hex            0%         N/A       100%        7
 Dragon's Call            Summ           0%         N/A       100%        9


Dungeon Overview and Level Annotations

Branches:
Dungeon (7/15)              Sewer (visited)
 Temple: D:4-7

Altars:
Dithmenos
Gozag
Hepliaklqana
Makhleb
Okawaru
Qazlal
Ru
Wu Jian

Shops:
D:2 *

Portals:
Abyss: D:3

Annotations:
D:3 2 transporters, MrFrogsmire's ghost, weakling DrBe
D:5 3 runed translucent doors, exclusion: door, Jeffwins's ghost, novice HuWn
D:6 2 runed translucent doors


Innate Abilities, Weirdness & Mutations

You have large cloven feet.
You are partially covered in yellow scales. (AC +2)
A weak demonic guardian rushes to your aid.
Spells you cast may paralyse nearby enemies.


Message History

The scorpion is heavily wounded.
You hit the scorpion.
You kick the scorpion, but do no damage.
The scorpion is severely wounded.
The scorpion stings you.
You hit the scorpion.
You kill the scorpion!
The redback bites you but does no damage.
The redback is burned by your cloak of flames.
The redback is lightly wounded.
You closely miss the redback.
The redback is lightly wounded.
The redback bites you.
* * * LOW HITPOINT WARNING * * *
You are lethally poisoned!
The redback poisons you!
The redback is burned by your cloak of flames.
The redback is lightly wounded.
You feel better. The redback bites you!
* * * LOW HITPOINT WARNING * * *
A demonic guardian appears!
You are lethally poisoned!
The redback poisons you!
The redback is burned by your cloak of flames.
The redback is moderately wounded.
The redback barely misses you.
Casting: Scorch (safe; 2% risk of failure)
Press: ? - help, Q - select action, (/) - cycle Dir - look around, f - activate Flames lash the scorpion.
The scorpion is severely wounded.
The scorpion's fire resistance burns away.
Malevolent energies surge around you.
The scorpion suddenly stops moving!
The adder suddenly stops moving! x2
* * * LOW HITPOINT WARNING * * *
You feel extremely sick.
The redback bites you but does no damage.
The redback is burned by your cloak of flames.
The redback is heavily wounded.
You swap places.
You die...

#.)#.......##..yyy..##..# #.#.#
#..#.####.##+##yyy##+##.# #.#.#
...#.# ##.#...#####...#.# #.#.#
...#.###..#....#$#....#.####.#.#
..........#?...#?#....#......#.#
#..#.####.#....SsS....#.#.####.#
#..#.####.##...#s#...##...# ##)#
...........###S#5#s###....# #..#
#............###@###...#### #.##
#.########...........### #.# #.#
#....#.....## #.#
#.########..###.##### #.#
#.##............######### #.#
#.##.##.##..............#####.#
...#<##.##(.###.###...........#
.............##.###.###.####..#
##.#.#####..........#
#.####..###


You could see a redback (ally target), a scorpion (paralysed, combustible), 3
killer bees, 2 adders and a friendly quasit (summoned).

Vanquished Creatures
  3 redbacks (D:6)
  A water moccasin (D:6)
  An ice beast (D:5)
  A black bear (D:7)
  2 kobold brigands
  Blork the orc (D:5)
  A phantom (D:5)
  A necrophage (D:4)
  A scorpion (D:6)
  A howler monkey (D:5)
  4 jellies
  3 hounds
  Terence (D:2)
  Natasha (thrice) (D:2)
  3 iguanas
  3 orc wizards
  A hell rat (Sewer)
  7 gnolls
  4 adders
  2 river rats (Sewer)
  A white imp (D:6)
  An ufetubus (D:5)
  4 worms
  11 orcs
  6 bats
  2 endoplasms (D:2)
  5 giant cockroaches
  6 goblins
  6 hobgoblins
  2 jackals (D:2)
  4 quokkas
  12 ball pythons
  4 frilled lizards
  12 kobolds
  13 rats
133 creatures vanquished.

Vanquished Creatures (collateral kills)
  2 hounds (D:3)
  An adder (D:2)
  A shadow imp (D:6)
4 creatures vanquished.

Vanquished Creatures (others)
  5 plants (D:5)
5 creatures vanquished.

Grand Total: 142 creatures vanquished

Notes
Turn   | Place    | Note
-------+----------+-------------------------------------------
     0 | D:1      | frimble the Demonspawn Cinder Acolyte began the quest for
                  | the Orb.
     0 | D:1      | Reached XP level 1. HP: 18/18 MP: 2/2
   341 | D:1      | Gained mutation: You are partially covered in yellow
                  | scales. (AC +2) [demonic ancestry]
   341 | D:1      | Reached XP level 2. HP: 12/24 MP: 3/3
   520 | D:1      | Found a faded altar of an unknown god.
   551 | D:1      | Learned a level 2 spell: Scorch
   966 | D:1      | Reached skill level 3 in Fire Magic
  1372 | D:2      | Reached XP level 3. HP: 15/29 MP: 2/5
  1391 | D:2      | Gained mutation: A weak demonic guardian rushes to your
                  | aid. [demonic ancestry]
  1391 | D:2      | Reached XP level 4. HP: 20/35 MP: 1/7
  1712 | D:2      | You fall into a shaft and drop 1 floor!
  1837 | D:3      | Found a glowing drain.
  1841 | Sewer    | Entered a sewer
  1957 | Sewer    | Reached XP level 5. HP: 42/42 MP: 1/8
  2419 | D:3      | Noticed a toenail golem
  2421 | D:3      | Found a one-way gate to the infinite horrors of the Abyss.
  2421 | D:3      | Noticed MrFrogsmire's ghost (weakling DrBe)
  2425 | D:3      | Found a transporter.
  2461 | D:3      | Found a transporter.
  2637 | D:3      | Reached skill level 4 in Fire Magic
  2709 | D:2      | Found Xamuh's General Store.
  2792 | D:2      | Gained mutation: Spells you cast may paralyse adjacent
                  | enemies. [demonic ancestry]
  2792 | D:2      | Reached XP level 6. HP: 25/48 MP: 9/9
  2908 | D:2      | Noticed Natasha
  2912 | D:2      | Killed Natasha
  3010 | D:2      | Noticed Terence
  3029 | D:2      | Killed Terence
  3178 | D:2      | Identified the +4 ring mail of Nice Contentment {rN+}
  3433 | D:2      | Noticed Natasha
  3440 | D:2      | Killed Natasha
  3541 | D:2      | Noticed Natasha
  3549 | D:2      | Killed Natasha
  4139 | D:4      | Found a sacrificial altar of Ru.
  4341 | D:4      | Reached skill level 1 in Evocations
  4439 | D:4      | Found an iron altar of Okawaru.
  4450 | D:4      | Found an ornate altar of the Wu Jian Council.
  4453 | D:4      | Found a burning altar of Makhleb.
  4454 | D:4      | Found a hazy altar of Hepliaklqana.
  4456 | D:4      | Found an opulent altar of Gozag.
  4460 | D:4      | Found a shadowy altar of Dithmenos.
  4461 | D:4      | Found a stormy altar of Qazlal.
  4570 | D:4      | Reached skill level 5 in Fire Magic
  4570 | D:4      | Gained mutation: You have large cloven feet. [demonic
                  | ancestry]
  4570 | D:4      | Reached XP level 7. HP: 34/54 MP: 2/10
  5126 | D:5      | Entered Level 5 of the Dungeon
  5218 | D:5      | Reached skill level 5 in Unarmed Combat
  5295 | D:5      | Found a runed translucent gate.
  5295 | D:5      | Found a runed translucent gate.
  5297 | D:5      | Found a runed translucent gate.
  5299 | D:5      | Noticed Jeffwins's ghost (novice HuWn)
  5624 | D:5      | Reached skill level 1 in Shields
  5998 | D:5      | Noticed Blork the orc
  6007 | D:5      | Killed Blork the orc
  6205 | D:5      | Gained mutation: Spells you cast may paralyse nearby
                  | enemies. [demonic ancestry]
  6205 | D:5      | Reached XP level 8. HP: 61/61 MP: 8/11
  7337 | D:6      | Found a runed translucent gate.
  7338 | D:6      | Found the +9 staff of Olgreb {rPois∞}
  7339 | D:6      | Found a runed translucent gate.
  7340 | D:6      | Found a runed translucent door.
  7356 | D:6      | Found a runed translucent gate.
  7359 | D:6      | Found a runed translucent door.
  7363 | D:6      | Reached skill level 5 in Fighting
  8186 | D:6      | Reached skill level 6 in Fire Magic
  8217 | D:6      | Succumbed to a redback's poison

Illustrated notes

Levels and vault maps discovered:
D:1:      onia_arrival_mini_maze_b, layout_rooms,
          ebering_ecumenical_altar_sacrificial
D:2:      layout_loops_ring, serial_shops, nicolae_shop_window_shopping,
          uniq_natasha, uniq_terence
D:3:      layout_basic, gammafunk_ghost_abyssal_escape, gup_sewer_entry_bowl,
          cheibrodos_gnoll_hut
D:4:      layout_cave_pools, nicolae_overflow_hallway_of_the_gods, serial_park,
          serial_park_tiny_1, serial_park_square1 [serial_park_minivault_5x5_1]
D:5:      cheibrodos_two_vegetables, layout_loops_corners,
          biasface_ghost_orc_armoury, uniq_blork_the_orc
D:6:      layout_loops_ring, minmay_guarded_unrand_staff_of_olgreb
D:7:      layout_layer_cave, temple_hall, minmay_manual_mares, uniq_joseph

Skill      XL: |  1  2  3  4  5  6  7  8 |
---------------+-------------------------+-----
Fire Magic     | 3 4 5 6 |  6.4
Unarmed Combat | 3 4 5 |  5.0
Spellcasting   | 2 |  2.0
Fighting       | 4 5 |  5.9
Evocations     | 1 2 4 |  4.5
Shields        | 2 3 |  3.7

Action                   |  1- 3 |  4- 6 |  7- 9 || total
-------------------------+-------+-------+-------++-------
Melee: Unarmed           |   118 |   171 |   142 ||   431
       Punch             |     1 |     4 |     5 ||    10
       Kick              |       |       |    43 ||    43
Throw: Javelin           |     5 |       |       ||     5
 Cast: Scorch            |     2 |    45 |    30 ||    77
Invok: Fiery Armour      |       |       |     1 ||     1
Evoke: Wand              |       |       |     1 ||     1
  Use: Scroll            |     5 |     3 |     4 ||    12
       Potion            |     1 |       |     1 ||     2
 Stab: Paralysed         |       |    12 |    22 ||    34
       Sleeping          |       |       |     1 ||     1
Armor: Robe              |    39 |    71 |    52 ||   162
Dodge: Dodged            |    91 |    99 |    58 ||   248

Table legend: (Time is in decaauts)
 A = Elapsed time spent in this place.
 B = Non-inter-level travel time spent in this place.
 C = Inter-level travel time spent in this place.
 D = Time resting spent in this place.
 E = Time spent auto-exploring this place.
 F = Levels seen in this place.
 G = Mean time per level.
                   A        B        C        D        E       F      G
               +--------+--------+--------+--------+--------+-----+--------+
         Total |   8238 |   8054 |    184 |    734 |   6094 |   8 | 1029.8 |
       Dungeon |   7906 |   7722 |    184 |    630 |   5919 |   7 | 1129.4 |
         Sewer |    331 |    331 |      0 |    104 |    175 |   1 |  331.0 |
               +--------+--------+--------+--------+--------+-----+--------+

Top non-repeatable levels by time:
     D:5: 1940 daAuts
     D:1: 1477 daAuts
     D:2: 1356 daAuts
     D:6: 1151 daAuts
     D:4: 1051 daAuts
     D:3: 919 daAuts
   Sewer: 331 daAuts
     D:7: 9 daAuts
